 Dungeon Crawl Stone Soup version 0.29.1-12-g30fa7ad0bf (webtiles) character file.

Game seed: 988469347524262810

3715 wormed the Cleaver (level 9, -11/75 HPs)
             Began as a Minotaur Berserker on Dec 25, 2022.
             Was an Elder of Trog.
             Killed from afar by Maggie (22 damage)
             ... with a bolt of fire
             ... on level 8 of the Dungeon.
             The game lasted 00:10:56 (7605 turns).

wormed the Cleaver (Minotaur Berserker)             Turns: 7605, Time: 00:10:56

Health: -11/75     AC: 19    Str: 26    XL:     9   Next: 91%
Magic:  0/8        EV:  9    Int:  4    God:    Trog [****..]
Gold:   302        SH:  0    Dex: 10    Spells: 8/8 levels left

rFire   . . .      SeeInvis +   J - +0 war axe
rCold   . . .      Faith    .   (no shield)
rNeg    . . .      Spirit   +   s - +0 plate armour
rPois   .          Reflect  .   (helmet restricted)
rElec   .          Harm     .   j - +0 cloak
rCorr   .          Rampage  .   (no gloves)
Will    ++...                   A - +0 pair of boots
Stlth   ..........              G - amulet of guardian spirit
HPRegen 1.22/turn               b - ring of see invisible
MPRegen 0.11/turn               D - +4 ring of protection

@: lethally poisoned (-11 -> -12), strong-willed, mesmerised, regenerating
A: horns 2, retaliatory headbutt
a: Renounce Religion, Berserk, Trog's Hand, Brothers in Arms


You were on level 8 of the Dungeon.
You worshipped Trog.
Trog was greatly pleased with you.
You visited 1 branch of the dungeon, and saw 8 of its levels.

You collected 302 gold pieces.

Inventory:

Hand Weapons
 J - a +0 war axe (weapon)
 K - a +0 morningstar
Missiles
 l - 24 poisoned darts (quivered)
 E - 5 atropa-tipped darts
Armour
 j - a +0 cloak (worn)
 s - a +0 plate armour (worn)
 A - a +0 pair of boots (worn)
Jewellery
 b - a ring of see invisible (left hand)
 D - a +4 ring of protection (right hand)
 G - an amulet of guardian spirit (around neck)
Wands
 e - a wand of flame (17)
Scrolls
 a - a scroll of enchant armour {unknown}
 c - a scroll of magic mapping {unknown}
 i - 3 scrolls of noise {unknown}
 m - 2 scrolls of vulnerability {unknown}
 q - 2 scrolls of teleportation {unknown}
 r - a scroll of fog {unknown}
 w - 4 scrolls of amnesia
 x - 2 scrolls of poison {unknown}
 y - 2 scrolls of blinking {unknown}
 z - 3 scrolls of immolation {unknown}
 I - a scroll of torment {unknown}
Potions
 d - 2 potions of heal wounds
 f - a potion of ambrosia
 g - a potion of berserk rage
 h - 4 potions of curing
 n - 2 potions of cancellation {unknown}
 o - a potion of degeneration {unknown}
 p - a potion of lignification {unknown}
 t - a potion of resistance {unknown}
 u - a potion of brilliance {unknown}
 v - a potion of invisibility {unknown}
 C - 2 potions of attraction
 F - a potion of flight {unknown}
 H - a potion of might {unknown}
 L - 2 potions of mutation {unknown}


   Skills:
 - Level 6.0 Fighting
 * Level 13.1 Axes
 - Level 6.0 Armour
 - Level 6.0 Dodging
 - Level 6.0 Shields


You had 8 spell levels left.
You didn't know any spells.
Your spell library was empty.

Dungeon Overview and Level Annotations

Branches:
Dungeon (8/15)             Temple (0/1) D:5
   Lair: D:8-11

Altars:
Cheibriados
Dithmenos
Elyvilon
Hepliaklqana
Kikubaaqudgha
Nemelex Xobeh
Okawaru
Qazlal
Vehumet
Zin

Shops:
D:6 *   D:7 [

Annotations:
D:8 Maggie


Innate Abilities, Weirdness & Mutations

You have a pair of horns on your head.
You reflexively headbutt those who attack you in melee.


Message History

The killer bee stings you but does no damage.
Maggie hits you but does no damage. The killer bee stings you.
You hit the killer bee but do no damage.
Your headbutt misses the killer bee.
The killer bee is almost dead.
You hit Maggie. The killer bee stings you. Maggie barely misses you.
You furiously retaliate!
You headbutt Maggie, but do no damage. You slash the killer bee!
You kill the killer bee!
Trog accepts your kill.
You barely miss Maggie.
The killer bee stings you but does no damage.
Maggie hits you with a +0 long sword.
You hit Maggie but do no damage. Your headbutt misses Maggie.
Maggie is lightly wounded.
You hit the killer bee. The killer bee stings you.
You are poisoned.
The killer bee poisons you! The killer bee stings you.
Maggie hits you but does no damage.
You closely miss the killer bee. You headbutt the killer bee.
The killer bee is heavily wounded.
You barely miss Maggie.
You feel sick.
The killer bee stings you but does no damage.
You slash the killer bee!
You kill the killer bee!
Trog accepts your kill.
You hit Maggie but do no damage.
You feel sick. Maggie closely misses you. You furiously retaliate!
You headbutt Maggie. You barely miss Maggie.
Maggie is lightly wounded.
You feel sick. Maggie gestures at you while chanting.
The bolt of fire hits you!!
* * * LOW HITPOINT WARNING * * *
Your skin crawls.
You feel strong-willed.
You feel sick. Maggie gestures at you while chanting.
The bolt of fire hits you!!
You die...

#..........# #####
#..........#######
.....#
#.....[...........
.>....#
#####†#######.#..#
....... #.# #.##..
....... ###.#
#.####
.......####...#
#.#
......).@#..###
..# .......#†@.##
.##
.....o.##.....# .
......# ##:##.....
.....# #.# ####
##.## #.# #. #.# #
..# ...


You could see Maggie (mesmerising).

Vanquished Creatures
  A yak (D:5)
  A steam dragon (D:7)
  3 water moccasins
  3 ice beasts
  A sky beast (D:7)
  A black bear (D:4)
  3 ogres (D:5)
  2 centaurs
  2 phantoms
  A kobold brigand (D:6)
  2 bullfrogs
  Blork the orc (D:6)
  A necrophage (D:5)
  8 scorpions
  5 wights (D:7)
  9 killer bees
  A gnoll bouda (D:6)
  6 hounds
  4 orc priests
  3 iguanas
  3 orc wizards
  5 gnolls (D:6)
  6 adders
  A white imp (D:6)
  24 orcs
  9 ball pythons
  2 bats
  11 endoplasms
  3 giant cockroaches
  13 hobgoblins
  7 jackals
  7 kobolds
  A quokka (D:3)
  2 frilled lizards
  5 goblins
  A rat (D:1)
158 creatures vanquished.

Notes
Turn   | Place    | Note
-------+----------+-------------------------------------------
     0 | D:1      | wormed the Minotaur Berserker began the quest for the Orb.
     0 | D:1      | Reached XP level 1. HP: 19/19 MP: 0/0
   288 | D:1      | Reached XP level 2. HP: 27/27 MP: 1/1
   407 | D:1      | Reached skill level 4 in Axes
   519 | D:1      | Reached skill level 1 in Shields
   777 | D:2      | Found a white marble altar of Elyvilon.
   964 | D:2      | Reached XP level 3. HP: 33/33 MP: 2/2
  1009 | D:2      | Reached ** piety under Trog
  1229 | D:2      | Found a faded altar of an unknown god.
  1229 | D:2      | Noticed a ynoxinul
  1661 | D:3      | Reached XP level 4. HP: 25/40 MP: 3/3
  1943 | D:3      | Found a radiant altar of Vehumet.
  2169 | D:3      | Reached skill level 5 in Axes
  2324 | D:3      | Reached XP level 5. HP: 47/47 MP: 4/4
  2628 | D:4      | Reached *** piety under Trog
  2653 | D:4      | Found an iron altar of Okawaru.
  2955 | D:4      | Reached XP level 6. HP: 41/53 MP: 5/5
  3291 | D:4      | Found a sparkling altar of Nemelex Xobeh.
  3552 | D:5      | Entered Level 5 of the Dungeon
  3638 | D:5      | Reached skill level 5 in Fighting
  3638 | D:5      | Reached skill level 6 in Axes
  3925 | D:5      | Found a staircase to the Ecumenical Temple.
  3965 | D:5      | Reached XP level 7. HP: 45/61 MP: 6/6
  4655 | D:5      | Reached skill level 7 in Axes
  4812 | D:5      | Noticed a yak
  4821 | D:5      | Killed a yak
  4822 | D:5      | Reached skill level 5 in Armour
  4822 | D:5      | Reached XP level 8. HP: 70/70 MP: 7/7
  4851 | D:5      | Reached skill level 8 in Axes
  4851 | D:5      | Reached skill level 5 in Dodging
  4851 | D:5      | Reached skill level 5 in Shields
  5248 | D:6      | Found a snail-covered altar of Cheibriados.
  5351 | D:6      | Reached **** piety under Trog
  5460 | D:6      | Found a stormy altar of Qazlal.
  5462 | D:6      | Noticed Blork the orc
  5469 | D:6      | Killed Blork the orc
  5508 | D:6      | Found a hazy altar of Hepliaklqana.
  5534 | D:6      | Reached skill level 9 in Axes
  5578 | D:6      | Found Wocziph's Neck Hole.
  5668 | D:6      | Reached XP level 9. HP: 75/75 MP: 8/8
  5684 | D:6      | Found a glowing silver altar of Zin.
  5686 | D:6      | Found an ancient bone altar of Kikubaaqudgha.
  5921 | D:6      | Reached skill level 10 in Axes
  6181 | D:7      | Found Xyolunoz's Armour Emporium.
  6199 | D:7      | Found a shadowy altar of Dithmenos.
  6468 | D:7      | Reached skill level 11 in Axes
  7126 | D:7      | Reached skill level 12 in Axes
  7579 | D:8      | Noticed Maggie
  7598 | D:8      | Reached skill level 13 in Axes
  7605 | D:8      | Killed from afar by Maggie

Illustrated notes

Levels and vault maps discovered:
D:1:      psy_arrival_dodecagon, layout_basic
D:2:      layout_loops_ring, basic_altar,
          dreamdust_ecumenical_altar_sealed_demon, patterned_corridor
D:3:      layout_loops_ring, vehumet_altar_wand_db, dk_vineyard_1
D:4:      layout_cave_pods, kennysheep_mini, lemuel_round_altar,
          minmay_crystal_room
D:5:      cheibrodos_barr_body, layout_layer_cave, minmay_temple_entry_ruins
D:6:      layout_basic, mainiacjoe_overflow_tiny_flanked,
          nicolae_overflow_hidden_temple, grunt_ministairs_15,
          nicolae_shop_sticking_my_neck_out, uniq_blork_the_orc
D:7:      layout_loops_ring, nicolae_dithmenos_the_darkroom, serial_shops, shop
D:8:      layout_rooms, serial_shops, shop, uniq_psyche, uniq_maggie

Skill      XL: |  1  2  3  4  5  6  7  8  9 |
---------------+----------------------------+-----
Axes           | 4 5 6 7 9 13 | 13.1
Shields        | 1 2 3 4 5 6 |  6.0
Fighting       | 4 5 6 |  6.0
Armour         | 3 4 5 6 |  6.0
Dodging        | 3 4 5 6 |  6.0

Action                   |  1- 3 |  4- 6 |  7- 9 || total
-------------------------+-------+-------+-------++-------
Melee: Hand axe          |    82 |   103 |   134 ||   319
       Headbutt          |     8 |    12 |    36 ||    56
       Punch             |       |       |     2 ||     2
       War axe           |       |       |   117 ||   117
Invok: Berserk           |       |       |     1 ||     1
       Trog's Hand       |       |       |     1 ||     1
  Use: Scroll            |       |       |     5 ||     5
Armor: Leather armour    |    20 |       |       ||    20
       Plate armour      |     6 |    65 |   180 ||   251
Dodge: Dodged            |    40 |    35 |   120 ||   195
